 Dungeon Crawl Stone Soup version 0.22-a0-283-g1871b15 (webtiles) character file.

487 DMaster the Skirmisher (level 6, -5/51 HPs)
             Began as a Demonspawn Gladiator on Mar 19, 2018.
             Slain by a black bear (7 damage)
             ... on level 6 of the Dungeon.
             The game lasted 00:05:43 (3373 turns).

DMaster the Skirmisher (Demonspawn Gladiator)       Turns: 3373, Time: 00:05:43

Health: -5/51      AC:  5    Str: 17    XL:     6   Next: 89%
Magic:  0/0        EV: 14    Int:  9    God:
Gold:   149        SH:  0    Dex: 24    Spells: 5/5 levels left

rFire    . . .     SeeInvis .   a - +0 long sword
rCold    . . .     Gourm    .   (no shield)
rNeg     . . .     Faith    .   z - +2 robe of Otolaph {MP-9 Dex+6 Stlth+}
rPois    .         Spirit   .   (helmet restricted)
rElec    .         Reflect  .   (no cloak)
rCorr    .         Harm     .   u - +0 pair of gloves
MR       .....                  (no boots)
Stlth    ++++......             (no amulet)
HPRegen  0.17/turn              (no ring)
MPRegen  0.07/turn              (no ring)

@: no status effects
A: horns 1, thin skeletal structure 2
a: no special abilities


You were on level 6 of the Dungeon.
You were not hungry.

You visited 1 branch of the dungeon, and saw 6 of its levels.

You collected 149 gold pieces.

Inventory:

Hand Weapons
 a - a +0 long sword (weapon)
Missiles
 d - 3 throwing nets (quivered)
 B - 4 javelins
Armour
 b - a +0 leather armour
 c - a +0 helmet
 i - a +0 ring mail
 p - a +0 shield
 u - a +0 pair of gloves (worn)
 z - the +2 robe of Otolaph (worn) {MP-9 Dex+6 Stlth+}
   (You found it on level 5 of the Dungeon)

   It affects your dexterity (+6).
   It affects your magic capacity (-9).
   It makes you more stealthy.
Jewellery
 j - a +4 ring of slaying {unknown}
 A - an uncursed ring of protection from fire {unknown}
Wands
 n - a wand of paralysis (9)
 y - a wand of iceblast (3)
Scrolls
 e - 3 scrolls of enchant armour {unknown}
 g - 3 scrolls of amnesia {unknown}
 h - 7 scrolls of identify {unknown}
 k - 2 scrolls of teleportation {unknown}
 o - 2 scrolls of fog {unknown}
 r - a scroll of fear {unknown}
 v - a scroll of random uselessness {unknown}
 w - 2 scrolls of noise {unknown}
 x - a scroll of remove curse {unknown}
Potions
 l - a potion of lignification {unknown}
 m - a potion of cancellation {unknown}
 q - 3 potions of might {unknown}
 s - a potion of heal wounds {unknown}
Comestibles
 f - 8 rations
 t - a chunk of flesh


   Skills:
 + Level 5.4 Fighting
 - Level 2.6 Long Blades
 - Level 1.7 Throwing
 + Level 3.4 Armour
 - Level 2.6 Dodging
 + Level 2.9 Evocations


You had 5 spell levels left.
You didn't know any spells.

Dungeon Overview and Level Annotations

Branches:
Dungeon (6/15)
 Temple: D:4-7

Altars:

Shops:
D:5 %

Annotations:
D:5 ultrashaft's ghost, novice OgBe


Innate Abilities, Weirdness & Mutations

You have a pair of small horns on your head.
You have a moderately thin skeletal structure. (Dex +4, Stealth+)


Message History

You headbutt the black bear, but do no damage.
The black bear is almost dead.
The black bear goes berserk!
You hit the black bear but do no damage.
The black bear is almost dead.
The black bear bites you! The black bear misses you.
The black bear barely misses you. The shadow imp hits you.
The black bear misses you.
The black bear claws you but does no damage.
The black bear claws you.
You hit the black bear but do no damage.
The black bear is almost dead.
The black bear completely misses you. The black bear claws you. x2
* * * LOW HITPOINT WARNING * * *
The shadow imp misses you. The black bear bites you.
* * * LOW HITPOINT WARNING * * *
The black bear claws you!
* * * LOW HITPOINT WARNING * * *
The black bear claws you!
You die...

.....
...<.##+###
..........#
..........+
..........#
..........#
..........#
......h@..#
......5...#
.............
...............
##########....?
..... .... ....


You could see a black bear (berserk) and a shadow imp.

Vanquished Creatures
  The ghost of ultrashaft the Changer, an amateur DrTm (D:4)
  A crimson imp (D:5)
  An orc priest (D:5)
  A centaur skeleton (D:5)
  Ijyb (D:3)
  Terence (D:2)
  3 orc wizards
  A worker ant (D:5)
  An adder (D:5)
  An ooze (D:1)
  An adder skeleton (D:4)
  3 dart slugs
  A leopard gecko (D:1)
  15 orcs
  4 bats
  2 giant cockroaches
  10 goblins
  7 hobgoblins
  6 jackals
  3 quokkas
  A ball python (D:1)
  2 frilled lizards
  8 kobolds (D:1)
  3 rats
78 creatures vanquished.

Notes
Turn   | Place    | Note
-------+----------+-------------------------------------------
     0 | D:1      | DMaster the Demonspawn Gladiator began the quest for the Orb.
     0 | D:1      | Reached XP level 1. HP: 16/16 MP: 1/1
   296 | D:1      | Gained mutation: You have a somewhat thin skeletal structure. (Dex +2, Stealth) [demonic ancestry]
   296 | D:1      | Reached XP level 2. HP: 20/23 MP: 2/2
   337 | D:1      | Reached skill level 3 in Fighting
   787 | D:1      | Gained mutation: You have a pair of small horns on your head. [demonic ancestry]
   787 | D:1      | Reached XP level 3. HP: 18/29 MP: 3/3
  1370 | D:3      | Noticed Terence
  1597 | D:2      | Killed Terence
  1597 | D:2      | Reached skill level 1 in Armour
  1654 | D:3      | Reached XP level 4. HP: 37/37 MP: 4/4
  1663 | D:3      | Reached skill level 4 in Fighting
  1875 | D:3      | Noticed Ijyb
  1892 | D:3      | Paralysed by Ijyb for 4 turns
  1906 | D:3      | Killed Ijyb
  2078 | D:4      | Noticed ultrashaft's ghost (amateur DrTm)
  2097 | D:4      | Killed ultrashaft's ghost
  2097 | D:4      | Reached skill level 1 in Evocations
  2097 | D:4      | Gained mutation: You have a moderately thin skeletal structure. (Dex +4, Stealth+) [demonic ancestry]
  2097 | D:4      | Reached XP level 5. HP: 21/43 MP: 4/6
  2676 | D:5      | Entered Level 5 of the Dungeon
  2692 | D:5      | Reached XP level 6. HP: 40/50 MP: 7/7
  2741 | D:4      | Reached skill level 5 in Fighting
  3145 | D:5      | Found Kutwuekk's Food Shoppe.
  3232 | D:5      | Got a fabulously ornate robe
  3243 | D:5      | Identified the +2 robe of Otolaph {MP-9 Dex+6 Stlth+} (You found it on level 5 of the Dungeon)
  3345 | D:5      | Noticed ultrashaft's ghost (novice OgBe)
  3373 | D:6      | HP: 2/51 [black bear (7)]
  3373 | D:6      | Slain by a black bear

Vault maps used:
D:1:      dpeg_arrival_connections
D:2:      first_ration, kennysheep_generic_room_13, uniq_crazy_yiuf_cottage
D:3:      uniq_terence, uniq_ijyb, uniq_grinder
D:4:      kennysheep_the_goblin_king, minmay_temple_entry_poolview,
          serial_shops, shop, grunt_dithmenos_smoke_and_mirrors
D:5:      serial_shops, nicolae_shop_window_shopping, minmay_misc_feat_plants
D:6:      lemuel_crystal_altar, serial_shops,
          nicolae_shop_temple_entry_statues_fountains, uniq_pikel

Skill      XL: |  1  2  3  4  5  6 |
---------------+-------------------+-----
Fighting       | 3 4 5 |  5.4
Armour         | 1 2 3 |  3.4
Evocations     | 1 2 |  2.9
Long Blades    | |  2.6
Throwing       | |  1.7
Dodging        | |  2.6

Action                   |  1- 3 |  4- 6 || total
-------------------------+-------+-------++-------
Melee: Long sword        |    86 |   145 ||   231
       Headbutt          |    10 |    43 ||    53
Throw: Throwing net      |       |     1 ||     1
 Stab: Sleeping          |     2 |       ||     2
  Eat: Chunk             |     2 |     6 ||     8
Armor: Leather armour    |     4 |       ||     4
       Ring mail         |    13 |    51 ||    64
       Robe              |       |     5 ||     5
Dodge: Dodged            |    67 |   129 ||   196
       Rpst.: Long sword |    20 |    38 ||    58

Table legend:
 A = Spawn XP
 B = Non-spawn XP
 C = Spawn XP percentage of total XP
 D = Spawn monster count
 E = Non-spawn monster count
 F = Spawn count percentage of total count
 G = Total turns spent on level
                    A         B        C        D         E        F      G
               +---------+---------+-------+---------+---------+-------+---------
         Total |       0 |     697 |   0.0 |       0 |      78 |   0.0 |  3373
               +---------+---------+-------+---------+---------+-------+---------
           D:1 |       0 |      47 |   0.0 |       0 |      22 |   0.0 |  1268
           D:2 |       0 |      45 |   0.0 |       0 |       6 |   0.0 |   345
           D:3 |       0 |      77 |   0.0 |       0 |      19 |   0.0 |   452
           D:4 |       0 |     279 |   0.0 |       0 |      12 |   0.0 |   777
           D:5 |       0 |     246 |   0.0 |       0 |      18 |   0.0 |   522
           D:6 |       0 |       3 |   0.0 |       0 |       1 |   0.0 |     9
               +---------+---------+-------+---------+---------+-------+---------
